 Dungeon Crawl Stone Soup version 0.19-a0-892-g8a19e52 (webtiles) character file.

826 Gagarin the Conjurer (level 7, -1/56 HPs)
             Began as a Pale Draconian Conjurer on July 3, 2016.
             Was a Follower of Vehumet.
             Shot with an arrow by a centaur (9 damage)
             ... on level 6 of the Dungeon on July 4, 2016.
             The game lasted 00:26:32 (6265 turns).

Gagarin the Conjurer (Pale Draconian Conjurer)      Turns: 6265, Time: 00:26:33

Health: -1/56      AC:  6    Str: 10    XL:     7   Next: 64%
Magic:  2/13       EV: 14    Int: 17    God:    Vehumet [*.....]
Gold:   257        SH:  0    Dex: 12    Spells: 4 memorised, 4 levels left

rFire  . . .     SeeInvis .     i - +0 whip
rCold  . . .     Gourm    .     (armour unavailable)
rNeg   . . .     Faith    .     (no shield)
rPois  .         Spirit   .     (helmet restricted)
rElec  .         Dismiss  .     (no cloak)
rCorr  .         Reflect  .     (no gloves)
SustAt .         Harm     .     (no boots)
MR     .....                    (no amulet)
Stlth  ++........               (no ring)
                                (no ring)

@: not resistant to hostile enchantments, unstealthy
A: breathe steam, unfitting armour, cold-blooded, AC +6
a: Breathe Steam, Renounce Religion


You were on level 6 of the Dungeon.
You worshipped Vehumet.
Vehumet was aware of your devotion.
You were hungry.

You visited 1 branch of the dungeon, and saw 6 of its levels.

You collected 257 gold pieces.

Inventory:

Hand Weapons
 i - a +0 whip (weapon)
Missiles
 k - 33 bolts
 n - 43 arrows
 A - 40 sling bullets
 E - 4 tomahawks of returning (quivered)
Jewellery
 p - an uncursed amulet of the gourmand {unknown}
 y - a +5 ring of intelligence {unknown}
Wands
 x - a wand of random effects (28/48)
Scrolls
 d - 2 scrolls of immolation {unknown}
 f - 6 scrolls of remove curse {unknown}
 g - 4 scrolls of fog {unknown}
 h - 4 scrolls of amnesia {unknown}
 j - 6 scrolls of teleportation
 l - 5 scrolls of identify {unknown}
 o - 2 scrolls of enchant armour {unknown}
 q - 2 scrolls of noise {unknown}
 w - a scroll of random uselessness {unknown}
 z - a scroll of enchant weapon {unknown}
 G - a scroll of blinking {unknown}
Potions
 c - 2 potions of curing
 e - 2 potions of invisibility {unknown}
 r - a potion of resistance {unknown}
 s - 2 potions of heal wounds {unknown}
 t - a potion of ambrosia {unknown}
 v - a potion of flight {unknown}
 D - a potion of magic {unknown}
 F - a potion of agility {unknown}
 H - a potion of lignification {unknown}
Books
 a - a book of Conjurations

   Spells                             Type                      Level
   a - Magic Dart                     Conjuration                  1
   b - Searing Ray                    Conjuration                  2
   c - Dazzling Spray                 Conjuration/Hexes            3
   d - Fulminant Prism                Conjuration/Hexes            4
   e - Iskenderun's Mystic Blast      Conjuration                  4
   f - Iskenderun's Battlesphere      Conjuration/Charms           5
 u - a book of Party Tricks

   Spells                             Type                      Level
   a - Summon Butterflies             Summoning                    1
   b - Apportation                    Translocation                1
   c - Tukima's Dance                 Hexes                        3
   d - Alistair's Intoxication        Transmutation/Poison         5
   e - Invisibility                   Hexes                        6
Comestibles
 b - 5 bread rations
 m - a beef jerky
 C - 2 meat rations


   Skills:
 + Level 2.5 Fighting
 + Level 4.8 Dodging
 + Level 2.9 Stealth
 + Level 4.1 Spellcasting
 + Level 5.9 Conjurations
 + Level 0.3 Hexes


You had 4 spell levels left.
You knew the following spells:

 Your Spells              Type           Power        Failure   Level  Hunger
a - Magic Dart            Conj           ###.         1%          1    None
b - Searing Ray           Conj           ###...       2%          2    ##.....
c - Dazzling Spray        Conj/Hex       ##....       14%         3    ###....
d - Fulminant Prism       Conj/Hex       ##........   45%         4    ####...


Dungeon Overview and Level Annotations

Branches:
Dungeon (6/15)
 Temple: D:4-7

Altars:
Ashenzari
Elyvilon
Makhleb
Okawaru
Vehumet

Annotations:
D:2 Sigmund


Innate Abilities, Weirdness & Mutations

You can breathe blasts of scalding, opaque steam.
Your pale cyan-grey scales are hard. (AC +6)
Your body does not fit into most forms of armour.
You are cold-blooded and may be slowed by cold attacks.


Message History

The arrow hits you!
* * * LOW HITPOINT WARNING * * *
The centaur shoots an arrow.
The arrow misses you.
The searing ray misses the centaur.
The centaur shoots an arrow.
The arrow hits you.
* * * LOW HITPOINT WARNING * * *
The searing ray hits the centaur.
The centaur is almost dead.
You finish channeling your searing ray.
The centaur shoots an arrow.
The arrow barely misses you.
Okay, then.
Casting: Searing Ray
Confirm with . or Enter, or press ? or * to list all spells.
Aiming: Magic Dart
Press: ? - help, Shift-Dir - straight line, f/p - centaur
Aim: a centaur, wielding a shortbow (almost dead)
The magic dart hits the centaur.
The centaur is almost dead.
The centaur shoots an arrow.
The arrow hits you!
You die...

+.......#....+
#.......#...##
#.......#...#######
+.....(.#.........#
#.......#.........#
#.......'.........#
#......(#######...#
#......(.# #####
#.....@..#
#........#
#.....c..+
.'........#
.#........#
#........#
##########


You could see a centaur.

Vanquished Creatures
  An ogre (D:4)
  2 phantoms (D:4)
  The ghost of Gagarin the Firebug, a weakling DgFE (D:3)
  2 howler monkeys
  2 crimson imps (D:6)
  3 hounds
  A jelly (D:6)
  An orc wizard (D:4)
  A killer bee zombie (D:6)
  4 gnolls (D:3)
  7 adders
  A river rat (D:4)
  2 shadow imps
  A worm (D:5)
  3 dart slugs (D:1)
  3 giant geckos
  12 orcs
  7 bats
  3 giant cockroaches
  5 hobgoblins
  6 jackals
  A quokka (D:3)
  4 ball pythons
  A giant gecko skeleton (D:6)
  3 giant newts
  4 goblins
  A jackal skeleton (D:5)
  6 kobolds
  A quokka zombie (D:5)
  10 rats
99 creatures vanquished.

Notes
Turn   | Place    | Note
-------+----------+-------------------------------------------
     0 | D:1      | Gagarin the Draconian Conjurer began the quest for the Orb.
     0 | D:1      | Reached XP level 1. HP: 14/14 MP: 3/3
   295 | D:1      | Reached XP level 2. HP: 20/20 MP: 1/5
   296 | D:1      | Found a shattered altar of Ashenzari.
   610 | D:1      | Learned a level 2 spell: Searing Ray
   897 | D:1      | Reached XP level 3. HP: 23/26 MP: 0/6
  1145 | D:2      | Noticed Sigmund
  1269 | D:2      | Learned a level 3 spell: Dazzling Spray
  1681 | D:3      | Noticed Gagarin's ghost (weakling DgFE)
  2105 | D:3      | Reached XP level 4. HP: 28/33 MP: 3/7
  2223 | D:4      | Found a burning altar of Makhleb.
  2396 | D:4      | Noticed a phantom
  2405 | D:4      | Reached XP level 5. HP: 24/39 MP: 1/8
  2513 | D:3      | Killed Gagarin's ghost
  2513 | D:3      | Reached skill level 5 in Conjurations
  2954 | D:2      | Found a white marble altar of Elyvilon.
  3622 | D:3      | Found an iron altar of Okawaru.
  3634 | D:3      | Found a radiant altar of Vehumet.
  3705 | D:3      | Became a worshipper of Vehumet
  4124 | D:4      | Noticed an ogre
  4134 | D:4      | Killed an ogre
  4134 | D:4      | Reached skill level 1 in Fighting
  4134 | D:4      | Reached XP level 6. HP: 47/47 MP: 4/10
  4181 | D:4      | Upgraded the game from 0.19-a0-867-g949743d to 0.19-a0-892-g8a19e52
  4837 | D:4      | Your scales start taking on a pale cyan-grey colour.
  4837 | D:4      | Reached XP level 7. HP: 24/53 MP: 0/12
  5102 | D:5      | Entered Level 5 of the Dungeon
  5141 | D:5      | Learned a level 4 spell: Fulminant Prism
  5646 | D:4      | Reached * piety under Vehumet
  5646 | D:4      | Offered knowledge of Sting by Vehumet.
  6265 | D:6      | Shot with an arrow by a centaur

Vault maps used:
D:1:      saegor_arrival_simple_b, ashenzari_altar_1
D:2:      kennysheep_ying_yang, uniq_sigmund
D:3:      amethyst_overflow_temple_binary
D:4:      portal_sewer_entry_e, first_bread, makhleb_heckhound_becter

Skill      XL: |  1  2  3  4  5  6  7 |
---------------+----------------------+-----
Dodging        | 2 3 4 |  4.8
Stealth        | 2 |  2.9
Conjurations   | 5 |  5.9
Fighting       | 1 2 |  2.5
Spellcasting   | 3 4 |  4.1
Hexes          | |  0.3

Action                   |  1- 3 |  4- 6 |  7- 9 || total
-------------------------+-------+-------+-------++-------
Melee: Unarmed           |    14 |       |       ||    14
       Whip              |    28 |    84 |     7 ||   119
       Tailslap          |       |    11 |       ||    11
 Cast: Magic Dart        |    57 |    62 |    46 ||   165
       Searing Ray       |     5 |    10 |     9 ||    24
       Dazzling Spray    |     1 |     5 |     5 ||    11
 Abil: Breathe Steam     |       |       |     1 ||     1
  Use: Potion            |     1 |     1 |       ||     2
       Scroll            |       |     1 |       ||     1
 Stab: Sleeping          |     1 |       |       ||     1
  Eat: Chunk             |     5 |     4 |     5 ||    14
       Meat ration       |       |     1 |       ||     1
       Beef jerky        |       |     1 |       ||     1
Armor: Skin              |    26 |    30 |     9 ||    65
Dodge: Dodged            |    47 |    84 |    26 ||   157
